 Dungeon Crawl Stone Soup version 0.26-a0-519-gb2f46efeda (webtiles) character file.

Game seed: 11180607967424850627

2063 KristoblXynda the Ducker (level 9, -3/68 HPs)
             Began as a Vampire Berserker on Aug 10, 2020.
             Was a High Priest of Trog.
             Killed by divine providence
             ... invoked by an orc priest
              (11 damage)
             ... on level 7 of the Dungeon.
             The game lasted 00:10:36 (6664 turns).

KristoblXynda the Ducker (Vampire Berserker)        Turns: 6664, Time: 00:10:38

Health: -3/68      AC: 17    Str: 16    XL:     9   Next: 5%
Magic:  9/9        EV: 13    Int: 11    God:    Trog [*****.]
Gold:   615        SH:  0    Dex: 15    Spells: 8/8 levels left

rFire    . . .     SeeInvis +   i - +1 long sword
rCold    . . .     Faith    .   (no shield)
rNeg     + . .     Spirit   .   b - +0 scale mail
rPois    .         Reflect  .   (no helmet)
rElec    .         Harm     .   x - +1 cloak
rCorr    .                      e - +1 pair of gloves
MR       .....                  A - +0 pair of boots
Stlth    ++........             (no amulet)
HPRegen  0.41/turn              q - +4 ring of protection
MPRegen  0.11/turn              r - ring of positive energy

@: regenerating quickly
A: fangs 3, see invisible, unbreathing
a: Exsanguinate, Berserk, Trog's Hand, Brothers in Arms, Renounce Religion


You were on level 7 of the Dungeon.
You worshipped Trog.
Trog was extremely pleased with you.
You visited 1 branch of the dungeon, and saw 7 of its levels.
You also visited: Ossuary.

You collected 692 gold pieces.
You spent 77 gold pieces at shops.

Inventory:

Hand Weapons
 i - a +1 long sword (weapon)
Armour
 b - a +0 scale mail (worn)
 e - a +1 pair of gloves (worn)
 x - a +1 cloak (worn)
 A - a +0 pair of boots (worn)
Jewellery
 q - a +4 ring of protection (left hand)
 r - a ring of positive energy (right hand)
Wands
 t - a wand of paralysis (10)
 w - a wand of digging (4)
 y - a wand of iceblast (5)
Scrolls
 c - a scroll of amnesia
 g - 3 scrolls of magic mapping
 h - a scroll of blinking
 l - 2 scrolls of enchant armour
 m - 7 scrolls of remove curse
Potions
 a - a potion of cancellation {unknown}
 d - 5 potions of curing
 f - 3 potions of invisibility
 j - a potion of flight {unknown}
 k - a potion of berserk rage
 n - 2 potions of magic
 o - 2 potions of resistance {unknown}
 p - a potion of ambrosia {unknown}
 s - a potion of heal wounds {unknown}
 u - a potion of stabbing
 B - a potion of brilliance {unknown}
 C - a potion of lignification {unknown}


   Skills:
 - Level 5.0 Fighting
 + Level 6.7 Long Blades
 + Level 5.1 Armour
 + Level 6.8 Dodging
 + Level 5.6 Stealth


You had 8 spell levels left.
You didn't know any spells.
Your spell library contained the following spells:

 Spells                   Type           Power        Failure   Level
 Corona                   Hex            #......      75%         1
 Magic Dart               Conj           #...         75%         1
 Blink                    Tloc           N/A          87%         2
 Call Imp                 Summ           #.......     87%         2
 Ensorcelled Hibernation  Hex/Ice        #.....       87%         2
 Slow                     Hex            #.......     87%         2
 Confusing Touch          Hex            #.......     98%         3
 Conjure Flame            Conj/Fire      #.......     98%         3
 Dazzling Flash           Conj/Hex       #.....       98%         3
 Mephitic Cloud           Conj/Pois/Air  #.......     98%         3
 Tukima's Dance           Hex            #.......     98%         3


Dungeon Overview and Level Annotations

Branches:
Dungeon (7/15)            Ossuary (visited)
 Temple: D:4-7

Altars:

Shops:
D:4 ?[((


Innate Abilities, Weirdness & Mutations

Your natural rate of healing is unusually fast.
You have razor-sharp teeth.
You have supernaturally acute eyesight. (SInv)
You can survive without breathing.


Message History

The orc priest hits you but does no damage.
The ice beast hits you but does no damage.
The orc priest mumbles some strange prayers to Beogh against you.
Beogh smites you!
The orc wizard casts a spell.
The orc wizard seems to speed up.
The orc priest calls down the wrath of Beogh upon you.
Beogh smites you!
* * * LOW HITPOINT WARNING * * *
The orc priest mumbles some strange prayers to Beogh against you.
Beogh smites you!
* * * LOW HITPOINT WARNING * * *
You feel better.
The orc priest hits you but does no damage.
The orc misses you.
You riposte.
You hit the orc.
The orc is severely wounded.
The orc hits you but does no damage.
The orc priest mumbles some strange prayers to Beogh against you.
Beogh smites you!
You die...

...............###........
...............# #........
...............###........
.............#...#...o....
.............#..##o.[.....
.........>...............#
....[. .##.......ooo...###
..... #.....Yooo.......
#.... #..#...@o....####
##... #............#
.............##
........##..## .... ..
....##. #### .... .#
....##.#### .... .. ...
....... .... .# ... #.....
....#.##....# ....##


You could see an ice beast, 5 orc priests, an orc wizard (fast) and 3 orcs.

Vanquished Creatures
  A hornet (D:7)
  A water moccasin (D:6)
  2 orc warriors (D:6)
  A black bear (D:7)
  A phantom (D:7)
  An ogre (D:5)
  A bullfrog (D:6)
  A gnoll shaman (D:6)
  A jelly (D:6)
  4 orc priests
  3 hounds
  8 orc wizards
  Crazy Yiuf (D:4)
  4 iguanas
  5 worker ants
  A hound zombie (D:7)
  8 mummies (Ossuary)
  A hound skeleton (D:4)
  9 gnolls
  7 adders
  A shadow imp (D:5)
  2 ufetubi
  An adder skeleton (D:5)
  4 worms
  3 dart slugs
  4 leopard geckos
  34 orcs
  7 giant cockroaches
  A gnoll zombie (Ossuary)
  5 goblins
  11 hobgoblins
  9 jackals
  A quokka (D:2)
  12 bats
  7 frilled lizards
  4 hobgoblin zombies (Ossuary)
  13 kobolds
  2 kobold zombies (Ossuary)
  A leopard gecko skeleton (D:5)
  An orc zombie (Ossuary)
  A quokka skeleton (D:5)
  A quokka zombie (D:7)
  11 rats
197 creatures vanquished.

Notes
Turn   | Place    | Note
-------+----------+-------------------------------------------
     0 | D:1      | KristoblXynda the Vampire Berserker began the quest for the
                  | Orb.
     0 | D:1      | Reached XP level 1. HP: 17/17 MP: 1/1
   145 | D:1      | Reached XP level 2. HP: 23/23 MP: 2/2
   676 | D:1      | Reached XP level 3. HP: 29/29 MP: 3/3
  1010 | D:1      | Reached ** piety under Trog
  1383 | D:2      | Reached XP level 4. HP: 31/35 MP: 4/4
  2170 | D:3      | Reached XP level 5. HP: 35/41 MP: 5/5
  2210 | D:3      | Reached *** piety under Trog
  2844 | D:3      | Reached XP level 6. HP: 48/48 MP: 6/6
  3501 | D:4      | Found Wiumedaf's Magic Scroll Shoppe.
  3562 | D:4      | Bought a scroll of identify for 26 gold pieces
  3562 | D:4      | Bought a scroll of noise for 13 gold pieces
  3571 | D:4      | Found Yrch's Antique Armour Boutique.
  3665 | D:4      | Reached **** piety under Trog
  3667 | D:4      | Found Sickin's Antique Weapon Shop.
  3681 | D:4      | Found Icvepteuho's Weapon Emporium.
  3687 | D:4      | Bought a +0 long sword for 38 gold pieces
  4020 | D:4      | Found a runed translucent door.
  4021 | D:4      | Noticed Crazy Yiuf
  4027 | D:4      | Killed Crazy Yiuf
  4157 | D:4      | Reached XP level 7. HP: 52/54 MP: 7/7
  4210 | D:5      | Entered Level 5 of the Dungeon
  4546 | D:5      | Reached skill level 5 in Long Blades
  4913 | D:6      | Reached skill level 5 in Dodging
  5114 | D:6      | Reached skill level 5 in Fighting
  5114 | D:6      | Reached XP level 8. HP: 55/62 MP: 8/8
  5151 | D:6      | Reached skill level 1 in Stealth
  5947 | D:7      | Found a sand-covered staircase.
  5956 | Ossuary  | Entered an ossuary
  6091 | Ossuary  | Reached ***** piety under Trog
  6452 | D:7      | Reached skill level 5 in Armour
  6452 | D:7      | Reached skill level 5 in Stealth
  6460 | D:7      | Noticed a hornet
  6469 | D:7      | Killed a hornet
  6469 | D:7      | Reached XP level 9. HP: 37/68 MP: 9/9
  6663 | D:7      | HP: 3/68 [orc priest/divine providence (12)]
  6664 | D:7      | Killed from afar by an orc priest

Illustrated notes

Levels and vault maps discovered:
D:1:      dpeg_arrival_rooms_with_view, layout_basic, minmay_pentomino_u2
D:2:      minmay_diamond_boxcup, layout_basic
D:3:      layout_basic
D:4:      layout_loops_ring, serial_shops, shop_scrolls, nicolae_shop_stone,
          kennysheep_mini_moat, nicolae_shop_crystal, uniq_crazy_yiuf_cottage
D:5:      layout_gridville, st_stairs_7, kennysheep_decorative_pillar
D:6:      layout_loops_corners
D:7:      layout_cave_pools, lemuel_blue_sif_altar, minmay_temple_entry_mist,
          lightli_ossuary_entry_decrepit_ruins, serial_column_ruins,
          column_ruins_hut, column_ruins_columns_corner, column_ruins_open_tiny,
          column_ruins_open_tiny, column_ruins_grid_2, column_ruins_open_large,
          mrwooster_statue_mirror

Skill      XL: |  1  2  3  4  5  6  7  8 |
---------------+-------------------------+-----
Fighting       | 3 4 5 |  5.0
Armour         | 2 3 4 5 |  5.1
Dodging        | 3 4 5 6 |  6.8
Long Blades    | 4 5 6 |  6.7
Stealth        | 5 |  5.6

Action                   |  1- 3 |  4- 6 |  7- 9 || total
-------------------------+-------+-------+-------++-------
Melee: Falchion          |   124 |   234 |       ||   358
       Bite              |    11 |    38 |    42 ||    91
       Long sword        |       |    48 |   263 ||   311
Invok: Berserk           |     2 |     5 |     5 ||    12
  Use: Scroll            |     2 |     4 |    10 ||    16
       Potion            |       |       |     1 ||     1
 Stab: Sleeping          |       |     1 |       ||     1
Armor: Animal skin       |    24 |       |       ||    24
       Leather armour    |    29 |    42 |       ||    71
       Ring mail         |       |    39 |     8 ||    47
       Scale mail        |       |       |   107 ||   107
Dodge: Dodged            |   110 |   184 |   200 ||   494
       Rpst.: Falchion   |    37 |    48 |       ||    85
       Long sword        |       |    13 |    56 ||    69

Table legend: (Time is in decaauts)
 A = Elapsed time spent in this place.
 B = Non-inter-level travel time spent in this place.
 C = Inter-level travel time spent in this place.
 D = Time resting spent in this place.
 E = Time spent auto-exploring this place.
 F = Levels seen in this place.
 G = Mean time per level.
                   A        B        C        D        E       F      G
               +--------+--------+--------+--------+--------+-----+--------+
         Total |   6863 |   6642 |    221 |   1008 |   3847 |   8 |  857.9 |
       Dungeon |   6582 |   6361 |    221 |    922 |   3763 |   7 |  940.3 |
       Ossuary |    280 |    280 |      0 |     85 |     84 |   1 |  280.0 |
               +--------+--------+--------+--------+--------+-----+--------+

Top non-repeatable levels by time:
     D:3: 1367 daAuts
     D:1: 1223 daAuts
     D:6: 1081 daAuts
     D:2: 972 daAuts
     D:4: 770 daAuts
     D:5: 691 daAuts
     D:7: 475 daAuts
 Ossuary: 280 daAuts
